Workbook

Sheet October
A1: Fresh Fruit and Vegetable Program Reimbursement Claim Form
A2: INSTRUCTIONS: Submit Reimbursement Claims to the Child Nutrition Unit, Arkansas Department of Education (ADE.FFVP@ade.arkansas.gov) no later than the date indicated in the FFVP Agreement Addendum. Provide a clear legible signed copy of delivery invoices for all expenses. Retain original delivery invoices and a copy of Reimbursement Claim for your records. All original receipts, invoices and other evidence of purchase must be retained and available for further review or audit for a period of 5 years after the date of final claim submission for the fiscal year to which they pertain.
A4: Name of School: | E4: Seven Digit LEA #:
A5: School Address:
A6: Name of District:
A7: Name of Contact: | D7: Contact Fax Number:
A8: Contact Phone Number: | D8: Contact E-mail Address:
A10: Grant Period: October 1 to September 30 | E10: Grant Award Amount: | G10: Enter your Grant Award in the cell to the left of this text.
E11: =IF(F10<=0,"PLEASE INPUT AWARD AMOUNT!", " ") -> PLEASE INPUT AWARD AMOUNT!
A13: Claim Period (Month, Year) | B13: October | D13: 2026
A15: Number of Operating Days in the Report Period:
A17: Fresh Fruit and Vegetable Program Expenses [Please itemize expenses on the charts below]:
F18: Remaining Award Amount
A19: Operating Expenses: | B19: Prior YTD Total | D19: This Claim | E19: YTD Total
A20: Fresh Fruits and Vegetables | D20: =+B86+F86 -> 0 | E20: =+B20+D20 -> 0
A21: Direct Labor | D21: =+F97 -> 0 | E21: =+B21+D21 -> 0
A22: Non-Food Supplies | D22: =+F108 -> 0 | E22: =+B22+D22 -> 0
A23: Total Operating Costs: | B23: =SUM(B20:B22) -> 0 | D23: =SUM(D20:D22) -> 0 | E23: =SUM(B23+D23) -> 0
A24: Administrative Expenses:
A25: Administrative Labor* | D25: =F120 -> 0 | E25: =+B25+D25 -> 0
A26: Equipment* | D26: =F131 -> 0 | E26: =+B26+D26 -> 0
A27: Total Administrative Costs: | B27: =SUM(B25:B26) -> 0 | D27: =(D25+D26) -> 0 | E27: =+B27+D27 -> 0 | F27: =(F10*0.1)-(E27) -> 0
A28: Total Allowable Program Expenses | B28: =SUM(B23+B27) -> 0 | D28: =SUM(D23+D27) -> 0 | E28: =(E23+E27) -> 0 | F28: =F10-E28 -> 0
A30: CERTIFICATION / SIGNATURE (Required): I CERTIFY that to the best of my knowledge and belief, this claim is true and correct in all aspects and that records (supporting documentation) are available to support this claim. I understand that all supporting documents for this Claim For Reimbursement are subject to review and/or audit by State/Federal Agency officials. I also understand that this information is being given in connection with the receipt of Federal United States Department of Agriculture Funds. I further certify that all claims for reimbursement shall be submitted not later than 60 days after the end of the claim period and that failure to submit original claims within the 60 day deadline and revised claims within the 90 day deadline may result in such claims not being paid.
A31: Further, I fully understand that I may be prosecuted under applicable provisions of the Criminal Code of the United States for knowingly or willfully making a False Statement, Filing a False Report(s) and/or Filing a False Claim(s) For Reimbursement and if convicted may be fined up to $250,000 or imprisoned up to five (5) years, or both, pursuant to 18 U.S.C. 1001 (False Statements), 18 U.S.C. 287 (False Claim(s)). I understand that I may be prosecuted under other applicable provisions of the Criminal and Civil Code of the United States and applicable laws of the Arkansas Criminal Code Anotated
A32: Authorized Official (signature):____________________________________________________________________ | E32: Date
A33: (please print name and title)________________________________________
A34: Claim Prepared By: | B34: ______________________________________
A35: NOTE: Authorized Official and Claim Prepared By MUST NOT be the same person. Claim will be returned unpaid if same person listed on each.
A39: Operating Costs: Fresh Fruit and Vegetable Costs - provide signed delivery invoices; each line item should have its own row in the table below (if there are other items on the invoice unrelated to FFVP, each FFVP line item must be labeled on the invoice as FFVP and highlighted)
A41: Fresh Fruit | B41: Total Cost | D41: Fresh Vegetable | F41: Total Cost
A42: Product Description | D42: Product Description
A86: Total Fresh Fruit Costs | B86: =SUM(B43:B85) -> 0 | D86: Total Fresh Vegetable Costs | F86: =SUM(F43:F85) -> 0
A89: Operating Costs: Direct Labor - Labor directly related to the preparing or serving of fresh fruits and vegetables (list employee name, hours worked, and hourly rate for each worker; provide timesheet AND pay rate sheet to support claim)
A91: Employee Name | B91: # Hours | C91: Wage per Hour | E91: Fringe Percent | F91: Total Cost
F92: =(B92*C92)+(B92*C92*E92) -> 0
F93: =(B93*C93)+(B93*C93*E93) -> 0
F94: =(B94*C94)+(B94*C94*E94) -> 0
F95: =(B95*C95)+(B95*C95*E95) -> 0
F96: =(B96*C96)+(B96*C96*E96) -> 0
A97: Total Direct Labor Costs | F97: =SUM(F92:F96) -> 0
A99: Operating Costs: Non-Food Supplies/Other - Small supplies such as napkins, paper plates, plastic utensils, disposable bowls, cleaning supplies, etc.; provide signed delivery invoices approved for payment
A100: Non-Food Supplies/Other | B100: Total Cost | D100: Non-Food Supplies/Other | F100: Total Cost
A101: Product Description | D101: Product Description
A108: Total Supply Costs | F108: =SUM(B102:B107,F102:F107) -> 0
A109: Total Operating Costs | F109: =(B86+F86+F97+F108) -> 0
A111: Administrative Cost: Limited to 10% of the grant award
A112: Administrative Cost: Administrative Labor - Labor related to planning, ordering, reporting, billing, tracking, inventory, etc. of FFVP (list employee name, hours worked, and hourly rate for each administrative worker, provide timesheet AND pay rate sheet to support claim)
A114: Employee Name | B114: # Hours | C114: Wage per Hour | E114: Fringe Percent | F114: Total Cost
F115: =(B115*C115)+(B115*C115*E115) -> 0
F116: =(B116*C116)+(B116*C116*E116) -> 0
F117: =(B117*C117)+(B117*C117*E117) -> 0
F118: =(B118*C118)+(B118*C118*E118) -> 0
F119: =(B119*C119)+(B119*C119*E119) -> 0
A120: Total Administrative Labor Costs | F120: =SUM(F115:F119) -> 0
A122: Administrative Cost: Equipment Cost - Pans, reusable totes, serving bowls/trays, paring knives, other small kitchen items required to prepare or serve the fresh produce; MUST be pre-approved in writing; provide signed delivery invoice approved for payment AND approved request form
A124: Equipment Description | B124: Total Cost | D124: Equipment Description | F124: Total Cost
A131: Total Equipment Costs | F131: =SUM(B125:B130,F125:F130) -> 0
A132: Total Administrative Costs | F132: =SUM(F131+F120) -> 0
A134: Total Claim Costs | F134: =SUM(F109,F132) -> 0

Sheet November
A1: Fresh Fruit and Vegetable Program Reimbursement Claim Form
A2: INSTRUCTIONS: Submit Reimbursement Claims to the Child Nutrition Unit, Arkansas Department of Education (ADE.FFVP@ade.arkansas.gov) no later than the date indicated in the FFVP Agreement Addendum. Provide a clear legible signed copy of delivery invoices for all expenses. Retain original delivery invoices and a copy of Reimbursement Claim for your records. All original receipts, invoices and other evidence of purchase must be retained and available for further review or audit for a period of 5 years after the date of final claim submission for the fiscal year to which they pertain.
A4: Name of School: | B4: =October!B4 -> 0 | E4: Seven Digit LEA #: | F4: =October!F4 -> 0
A5: School Address: | B5: =October!B5 -> 0
A6: Name of District: | B6: =October!B6 -> 0
A7: Name of Contact: | B7: =October!B7 -> 0 | D7: Contact Fax Number: | E7: =October!E7 -> 0
A8: Contact Phone Number: | B8: =October!B8 -> 0 | D8: Contact E-mail Address: | E8: =October!E8 -> 0
A10: Grant Period: October 1 to September 30 | E10: Grant Award Amount: | F10: =October!F10 -> 0
A13: Claim Period (Month, Year) | B13: November | D13: 2026
A15: Number of Operating Days in the Report Period:
A17: Fresh Fruit and Vegetable Program Expenses [Please itemize expenses on the charts below]:
F18: Remaining Award Amount
A19: Operating Expenses: | B19: October YTD Total | D19: This Claim | E19: YTD Total
A20: Fresh Fruits and Vegetables | B20: =October!E20 -> 0 | D20: =+B86+F86 -> 0 | E20: =+B20+D20 -> 0
A21: Direct Labor | B21: =October!E21 -> 0 | D21: =+F97 -> 0 | E21: =+B21+D21 -> 0
A22: Non-Food Supplies | B22: =October!E22 -> 0 | D22: =+F108 -> 0 | E22: =+B22+D22 -> 0
A23: Total Operating Costs: | B23: =SUM(B20:B22) -> 0 | D23: =SUM(D20:D22) -> 0 | E23: =SUM(B23+D23) -> 0
A24: Administrative Expenses:
A25: Administrative Labor* | B25: =October!E25 -> 0 | D25: =F120 -> 0 | E25: =+B25+D25 -> 0
A26: Equipment* | B26: =October!E26 -> 0 | D26: =F131 -> 0 | E26: =+B26+D26 -> 0
A27: Total Administrative Costs: | B27: =SUM(B25:B26) -> 0 | D27: =(D25+D26) -> 0 | E27: =+B27+D27 -> 0 | F27: =(F10*0.1)-(E27) -> 0
A28: Total Allowable Program Expenses | B28: =SUM(B23+B27) -> 0 | D28: =SUM(D23+D27) -> 0 | E28: =(E23+E27) -> 0 | F28: =F10-E28 -> 0
A30: CERTIFICATION / SIGNATURE (Required): I CERTIFY that to the best of my knowledge and belief, this claim is true and correct in all aspects and that records (supporting documentation) are available to support this claim. I understand that all supporting documents for this Claim For Reimbursement are subject to review and/or audit by State/Federal Agency officials. I also understand that this information is being given in connection with the receipt of Federal United States Department of Agriculture Funds. I further certify that all claims for reimbursement shall be submitted not later than 60 days after the end of the claim period and that failure to submit original claims within the 60 day deadline and revised claims within the 90 day deadline may result in such claims not being paid.
A31: Further, I fully understand that I may be prosecuted under applicable provisions of the Criminal Code of the United States for knowingly or willfully making a False Statement, Filing a False Report(s) and/or Filing a False Claim(s) For Reimbursement and if convicted may be fined up to $250,000 or imprisoned up to five (5) years, or both, pursuant to 18 U.S.C. 1001 (False Statements), 18 U.S.C. 287 (False Claim(s)). I understand that I may be prosecuted under other applicable provisions of the Criminal and Civil Code of the United States and applicable laws of the Arkansas Criminal Code Anotated
A32: Authorized Official (signature):____________________________________________________________________ | E32: Date
A33: (please print name and title)________________________________________
A34: Claim Prepared By: | B34: ______________________________________
A35: NOTE: Authorized Official and Claim Prepared By MUST NOT be the same person. Claim will be returned unpaid if same person listed on each.
A39: Operating Costs: Fresh Fruit and Vegetable Costs - provide signed delivery invoices; each line item should have its own row in the table below (if there are other items on the invoice unrelated to FFVP, each FFVP line item must be labeled on the invoice as FFVP and highlighted)
A41: Fresh Fruit | B41: Total Cost | D41: Fresh Vegetable | F41: Total Cost
A42: Product Description | D42: Product Description
A86: Total Fresh Fruit Costs | B86: =SUM(B43:B85) -> 0 | D86: Total Fresh Vegetable Costs | F86: =SUM(F43:F85) -> 0
A89: Operating Costs: Direct Labor - Labor directly related to the preparing or serving of fresh fruits and vegetables (list employee name, hours worked, and hourly rate for each worker; provide timesheet AND pay rate sheet to support claim)
A91: Employee Name | B91: # Hours | C91: Wage per Hour | E91: Fringe Percent | F91: Total Cost
F92: =(B92*C92)+(B92*C92*E92) -> 0
F93: =(B93*C93)+(B93*C93*E93) -> 0
F94: =(B94*C94)+(B94*C94*E94) -> 0
F95: =(B95*C95)+(B95*C95*E95) -> 0
F96: =(B96*C96)+(B96*C96*E96) -> 0
A97: Total Direct Labor Costs | F97: =SUM(F92:F96) -> 0
A99: Operating Costs: Non-Food Supplies/Other - Small supplies such as napkins, paper plates, plastic utensils, disposable bowls, cleaning supplies, etc.; provide signed delivery invoices approved for payment
A100: Non-Food Supplies/Other | B100: Total Cost | D100: Non-Food Supplies/Other | F100: Total Cost
A101: Product Description | D101: Product Description
A108: Total Supply Costs | F108: =SUM(B102:B107,F102:F107) -> 0
A109: Total Operating Costs | F109: =(B86+F86+F97+F108) -> 0
A111: Administrative Cost: Limited to 10% of the grant award
A112: Administrative Cost: Administrative Labor - Labor related to planning, ordering, reporting, billing, tracking, inventory, etc. of FFVP (list employee name, hours worked, and hourly rate for each administrative worker, provide timesheet AND pay rate sheet to support claim)
A114: Employee Name | B114: # Hours | C114: Wage per Hour | E114: Fringe Percent | F114: Total Cost
F115: =(B115*C115)+(B115*C115*E115) -> 0
F116: =(B116*C116)+(B116*C116*E116) -> 0
F117: =(B117*C117)+(B117*C117*E117) -> 0
F118: =(B118*C118)+(B118*C118*E118) -> 0
F119: =(B119*C119)+(B119*C119*E119) -> 0
A120: Total Administrative Labor Costs | F120: =SUM(F115:F119) -> 0
A122: Administrative Cost: Equipment Cost - Pans, reusable totes, serving bowls/trays, paring knives, other small kitchen items required to prepare or serve the fresh produce; MUST be pre-approved in writing; provide signed delivery invoice approved for payment AND approved request form
A124: Equipment Description | B124: Total Cost | D124: Equipment Description | F124: Total Cost
A131: Total Equipment Costs | F131: =SUM(B125:B130,F125:F130) -> 0
A132: Total Administrative Costs | F132: =SUM(F131+F120) -> 0
A134: Total Claim Costs | F134: =SUM(F109,F132) -> 0

Sheet December
A1: Fresh Fruit and Vegetable Program Reimbursement Claim Form
A2: INSTRUCTIONS: Submit Reimbursement Claims to the Child Nutrition Unit, Arkansas Department of Education (ADE.FFVP@ade.arkansas.gov) no later than the date indicated in the FFVP Agreement Addendum. Provide a clear legible signed copy of delivery invoices for all expenses. Retain original delivery invoices and a copy of Reimbursement Claim for your records. All original receipts, invoices and other evidence of purchase must be retained and available for further review or audit for a period of 5 years after the date of final claim submission for the fiscal year to which they pertain.
A4: Name of School: | B4: =October!B4 -> 0 | E4: Seven Digit LEA #: | F4: =October!F4 -> 0
A5: School Address: | B5: =October!B5 -> 0
A6: Name of District: | B6: =October!B6 -> 0
A7: Name of Contact: | B7: =October!B7 -> 0 | D7: Contact Fax Number: | E7: =October!E7 -> 0
A8: Contact Phone Number: | B8: =October!B8 -> 0 | D8: Contact E-mail Address: | E8: =October!E8 -> 0
A10: Grant Period: October 1 to September 30 | E10: Grant Award Amount: | F10: =October!F10 -> 0
A13: Claim Period (Month, Year) | B13: December | D13: 2026
A15: Number of Operating Days in the Report Period:
A17: Fresh Fruit and Vegetable Program Expenses [Please itemize expenses on the charts below]:
F18: Remaining Award Amount
A19: Operating Expenses: | B19: November YTD Total | D19: This Claim | E19: YTD Total
A20: Fresh Fruits and Vegetables | B20: =November!E20 -> 0 | D20: =+B86+F86 -> 0 | E20: =+B20+D20 -> 0
A21: Direct Labor | B21: =November!E21 -> 0 | D21: =+F97 -> 0 | E21: =+B21+D21 -> 0
A22: Non-Food Supplies | B22: =November!E22 -> 0 | D22: =+F108 -> 0 | E22: =+B22+D22 -> 0
A23: Total Operating Costs: | B23: =SUM(B20:B22) -> 0 | D23: =SUM(D20:D22) -> 0 | E23: =SUM(B23+D23) -> 0
A24: Administrative Expenses:
A25: Administrative Labor* | B25: =November!E25 -> 0 | D25: =F120 -> 0 | E25: =+B25+D25 -> 0
A26: Equipment* | B26: =November!E26 -> 0 | D26: =F131 -> 0 | E26: =+B26+D26 -> 0
A27: Total Administrative Costs: | B27: =SUM(B25:B26) -> 0 | D27: =(D25+D26) -> 0 | E27: =+B27+D27 -> 0 | F27: =(F10*0.1)-(E27) -> 0
A28: Total Allowable Program Expenses | B28: =SUM(B23+B27) -> 0 | D28: =SUM(D23+D27) -> 0 | E28: =(E23+E27) -> 0 | F28: =F10-E28 -> 0
A30: CERTIFICATION / SIGNATURE (Required): I CERTIFY that to the best of my knowledge and belief, this claim is true and correct in all aspects and that records (supporting documentation) are available to support this claim. I understand that all supporting documents for this Claim For Reimbursement are subject to review and/or audit by State/Federal Agency officials. I also understand that this information is being given in connection with the receipt of Federal United States Department of Agriculture Funds. I further certify that all claims for reimbursement shall be submitted not later than 60 days after the end of the claim period and that failure to submit original claims within the 60 day deadline and revised claims within the 90 day deadline may result in such claims not being paid.
A31: Further, I fully understand that I may be prosecuted under applicable provisions of the Criminal Code of the United States for knowingly or willfully making a False Statement, Filing a False Report(s) and/or Filing a False Claim(s) For Reimbursement and if convicted may be fined up to $250,000 or imprisoned up to five (5) years, or both, pursuant to 18 U.S.C. 1001 (False Statements), 18 U.S.C. 287 (False Claim(s)). I understand that I may be prosecuted under other applicable provisions of the Criminal and Civil Code of the United States and applicable laws of the Arkansas Criminal Code Anotated
A32: Authorized Official (signature):____________________________________________________________________ | E32: Date
A33: (please print name and title)________________________________________
A34: Claim Prepared By: | B34: ______________________________________
A35: NOTE: Authorized Official and Claim Prepared By MUST NOT be the same person. Claim will be returned unpaid if same person listed on each.
A39: Operating Costs: Fresh Fruit and Vegetable Costs - provide signed delivery invoices; each line item should have its own row in the table below (if there are other items on the invoice unrelated to FFVP, each FFVP line item must be labeled on the invoice as FFVP and highlighted)
A41: Fresh Fruit | B41: Total Cost | D41: Fresh Vegetable | F41: Total Cost
A42: Product Description | D42: Product Description
A86: Total Fresh Fruit Costs | B86: =SUM(B43:B85) -> 0 | D86: Total Fresh Vegetable Costs | F86: =SUM(F43:F85) -> 0
A89: Operating Costs: Direct Labor - Labor directly related to the preparing or serving of fresh fruits and vegetables (list employee name, hours worked, and hourly rate for each worker; provide timesheet AND pay rate sheet to support claim)
A91: Employee Name | B91: # Hours | C91: Wage per Hour | E91: Fringe Percent | F91: Total Cost
F92: =(B92*C92)+(B92*C92*E92) -> 0
F93: =(B93*C93)+(B93*C93*E93) -> 0
F94: =(B94*C94)+(B94*C94*E94) -> 0
F95: =(B95*C95)+(B95*C95*E95) -> 0
F96: =(B96*C96)+(B96*C96*E96) -> 0
A97: Total Direct Labor Costs | F97: =SUM(F92:F96) -> 0
A99: Operating Costs: Non-Food Supplies/Other - Small supplies such as napkins, paper plates, plastic utensils, disposable bowls, cleaning supplies, etc.; provide signed delivery invoices approved for payment
A100: Non-Food Supplies/Other | B100: Total Cost | D100: Non-Food Supplies/Other | F100: Total Cost
A101: Product Description | D101: Product Description
A108: Total Supply Costs | F108: =SUM(B102:B107,F102:F107) -> 0
A109: Total Operating Costs | F109: =(B86+F86+F97+F108) -> 0
A111: Administrative Cost: Limited to 10% of the grant award
A112: Administrative Cost: Administrative Labor - Labor related to planning, ordering, reporting, billing, tracking, inventory, etc. of FFVP (list employee name, hours worked, and hourly rate for each administrative worker, provide timesheet AND pay rate sheet to support claim)
A114: Employee Name | B114: # Hours | C114: Wage per Hour | E114: Fringe Percent | F114: Total Cost
F115: =(B115*C115)+(B115*C115*E115) -> 0
F116: =(B116*C116)+(B116*C116*E116) -> 0
F117: =(B117*C117)+(B117*C117*E117) -> 0
F118: =(B118*C118)+(B118*C118*E118) -> 0
F119: =(B119*C119)+(B119*C119*E119) -> 0
A120: Total Administrative Labor Costs | F120: =SUM(F115:F119) -> 0
A122: Administrative Cost: Equipment Cost - Pans, reusable totes, serving bowls/trays, paring knives, other small kitchen items required to prepare or serve the fresh produce; MUST be pre-approved in writing; provide signed delivery invoice approved for payment AND approved request form
A124: Equipment Description | B124: Total Cost | D124: Equipment Description | F124: Total Cost
A131: Total Equipment Costs | F131: =SUM(B125:B130,F125:F130) -> 0
A132: Total Administrative Costs | F132: =SUM(F131+F120) -> 0
A134: Total Claim Costs | F134: =SUM(F109,F132) -> 0

Sheet January
A1: Fresh Fruit and Vegetable Program Reimbursement Claim Form
A2: INSTRUCTIONS: Submit Reimbursement Claims to the Child Nutrition Unit, Arkansas Department of Education (ADE.FFVP@ade.arkansas.gov) no later than the date indicated in the FFVP Agreement Addendum. Provide a clear legible signed copy of delivery invoices for all expenses. Retain original delivery invoices and a copy of Reimbursement Claim for your records. All original receipts, invoices and other evidence of purchase must be retained and available for further review or audit for a period of 5 years after the date of final claim submission for the fiscal year to which they pertain.
A4: Name of School: | B4: =October!B4 -> 0 | E4: Seven Digit LEA #: | F4: =October!F4 -> 0
A5: School Address: | B5: =October!B5 -> 0
A6: Name of District: | B6: =October!B6 -> 0
A7: Name of Contact: | B7: =October!B7 -> 0 | D7: Contact Fax Number: | E7: =October!E7 -> 0
A8: Contact Phone Number: | B8: =October!B8 -> 0 | D8: Contact E-mail Address: | E8: =October!E8 -> 0
A10: Grant Period: October 1 to September 30 | E10: Grant Award Amount: | F10: =October!F10 -> 0
A13: Claim Period (Month, Year) | B13: January | D13: 2027
A15: Number of Operating Days in the Report Period:
A17: Fresh Fruit and Vegetable Program Expenses [Please itemize expenses on the charts below]:
F18: Remaining Award Amount
A19: Operating Expenses: | B19: December YTD Total | D19: This Claim | E19: YTD Total
A20: Fresh Fruits and Vegetables | B20: =December!E20 -> 0 | D20: =+B86+F86 -> 0 | E20: =+B20+D20 -> 0
A21: Direct Labor | B21: =December!E21 -> 0 | D21: =+F97 -> 0 | E21: =+B21+D21 -> 0
A22: Non-Food Supplies | B22: =December!E22 -> 0 | D22: =+F108 -> 0 | E22: =+B22+D22 -> 0
A23: Total Operating Costs: | B23: =SUM(B20:B22) -> 0 | D23: =SUM(D20:D22) -> 0 | E23: =SUM(B23+D23) -> 0
A24: Administrative Expenses:
A25: Administrative Labor* | B25: =December!E25 -> 0 | D25: =F120 -> 0 | E25: =+B25+D25 -> 0
A26: Equipment* | B26: =December!E26 -> 0 | D26: =F131 -> 0 | E26: =+B26+D26 -> 0
A27: Total Administrative Costs: | B27: =SUM(B25:B26) -> 0 | D27: =(D25+D26) -> 0 | E27: =+B27+D27 -> 0 | F27: =(F10*0.1)-(E27) -> 0
A28: Total Allowable Program Expenses | B28: =SUM(B23+B27) -> 0 | D28: =SUM(D23+D27) -> 0 | E28: =(E23+E27) -> 0 | F28: =F10-E28 -> 0
A30: CERTIFICATION / SIGNATURE (Required): I CERTIFY that to the best of my knowledge and belief, this claim is true and correct in all aspects and that records (supporting documentation) are available to support this claim. I understand that all supporting documents for this Claim For Reimbursement are subject to review and/or audit by State/Federal Agency officials. I also understand that this information is being given in connection with the receipt of Federal United States Department of Agriculture Funds. I further certify that all claims for reimbursement shall be submitted not later than 60 days after the end of the claim period and that failure to submit original claims within the 60 day deadline and revised claims within the 90 day deadline may result in such claims not being paid.
A31: Further, I fully understand that I may be prosecuted under applicable provisions of the Criminal Code of the United States for knowingly or willfully making a False Statement, Filing a False Report(s) and/or Filing a False Claim(s) For Reimbursement and if convicted may be fined up to $250,000 or imprisoned up to five (5) years, or both, pursuant to 18 U.S.C. 1001 (False Statements), 18 U.S.C. 287 (False Claim(s)). I understand that I may be prosecuted under other applicable provisions of the Criminal and Civil Code of the United States and applicable laws of the Arkansas Criminal Code Anotated
A32: Authorized Official (signature):____________________________________________________________________ | E32: Date
A33: (please print name and title)________________________________________
A34: Claim Prepared By: | B34: ______________________________________
A35: NOTE: Authorized Official and Claim Prepared By MUST NOT be the same person. Claim will be returned unpaid if same person listed on each.
A39: Operating Costs: Fresh Fruit and Vegetable Costs - provide signed delivery invoices; each line item should have its own row in the table below (if there are other items on the invoice unrelated to FFVP, each FFVP line item must be labeled on the invoice as FFVP and highlighted)
A41: Fresh Fruit | B41: Total Cost | D41: Fresh Vegetable | F41: Total Cost
A42: Product Description | D42: Product Description
A86: Total Fresh Fruit Costs | B86: =SUM(B43:B85) -> 0 | D86: Total Fresh Vegetable Costs | F86: =SUM(F43:F85) -> 0
A89: Operating Costs: Direct Labor - Labor directly related to the preparing or serving of fresh fruits and vegetables (list employee name, hours worked, and hourly rate for each worker; provide timesheet AND pay rate sheet to support claim)
A91: Employee Name | B91: # Hours | C91: Wage per Hour | E91: Fringe Percent | F91: Total Cost
F92: =(B92*C92)+(B92*C92*E92) -> 0
F93: =(B93*C93)+(B93*C93*E93) -> 0
F94: =(B94*C94)+(B94*C94*E94) -> 0
F95: =(B95*C95)+(B95*C95*E95) -> 0
F96: =(B96*C96)+(B96*C96*E96) -> 0
A97: Total Direct Labor Costs | F97: =SUM(F92:F96) -> 0
A99: Operating Costs: Non-Food Supplies/Other - Small supplies such as napkins, paper plates, plastic utensils, disposable bowls, cleaning supplies, etc.; provide signed delivery invoices approved for payment
A100: Non-Food Supplies/Other | B100: Total Cost | D100: Non-Food Supplies/Other | F100: Total Cost
A101: Product Description | D101: Product Description
A108: Total Supply Costs | F108: =SUM(B102:B107,F102:F107) -> 0
A109: Total Operating Costs | F109: =(B86+F86+F97+F108) -> 0
A111: Administrative Cost: Limited to 10% of the grant award
A112: Administrative Cost: Administrative Labor - Labor related to planning, ordering, reporting, billing, tracking, inventory, etc. of FFVP (list employee name, hours worked, and hourly rate for each administrative worker, provide timesheet AND pay rate sheet to support claim)
A114: Employee Name | B114: # Hours | C114: Wage per Hour | E114: Fringe Percent | F114: Total Cost
F115: =(B115*C115)+(B115*C115*E115) -> 0
F116: =(B116*C116)+(B116*C116*E116) -> 0
F117: =(B117*C117)+(B117*C117*E117) -> 0
F118: =(B118*C118)+(B118*C118*E118) -> 0
F119: =(B119*C119)+(B119*C119*E119) -> 0
A120: Total Administrative Labor Costs | F120: =SUM(F115:F119) -> 0
A122: Administrative Cost: Equipment Cost - Pans, reusable totes, serving bowls/trays, paring knives, other small kitchen items required to prepare or serve the fresh produce; MUST be pre-approved in writing; provide signed delivery invoice approved for payment AND approved request form
A124: Equipment Description | B124: Total Cost | D124: Equipment Description | F124: Total Cost
A131: Total Equipment Costs | F131: =SUM(B125:B130,F125:F130) -> 0
A132: Total Administrative Costs | F132: =SUM(F131+F120) -> 0
A134: Total Claim Costs | F134: =SUM(F109,F132) -> 0

Sheet February
A1: Fresh Fruit and Vegetable Program Reimbursement Claim Form
A2: INSTRUCTIONS: Submit Reimbursement Claims to the Child Nutrition Unit, Arkansas Department of Education (ADE.FFVP@ade.arkansas.gov) no later than the date indicated in the FFVP Agreement Addendum. Provide a clear legible signed copy of delivery invoices for all expenses. Retain original delivery invoices and a copy of Reimbursement Claim for your records. All original receipts, invoices and other evidence of purchase must be retained and available for further review or audit for a period of 5 years after the date of final claim submission for the fiscal year to which they pertain.
A4: Name of School: | B4: =October!B4 -> 0 | E4: Seven Digit LEA #: | F4: =October!F4 -> 0
A5: School Address: | B5: =October!B5 -> 0
A6: Name of District: | B6: =October!B6 -> 0
A7: Name of Contact: | B7: =October!B7 -> 0 | D7: Contact Fax Number: | E7: =October!E7 -> 0
A8: Contact Phone Number: | B8: =October!B8 -> 0 | D8: Contact E-mail Address: | E8: =October!E8 -> 0
A10: Grant Period: October 1 to September 30 | E10: Grant Award Amount: | F10: =October!F10 -> 0
A13: Claim Period (Month, Year) | B13: February | D13: 2027
A15: Number of Operating Days in the Report Period:
A17: Fresh Fruit and Vegetable Program Expenses [Please itemize expenses on the charts below]:
F18: Remaining Award Amount
A19: Operating Expenses: | B19: January YTD Total | D19: This Claim | E19: YTD Total
A20: Fresh Fruits and Vegetables | B20: =January!E20 -> 0 | D20: =+B86+F86 -> 0 | E20: =+B20+D20 -> 0
A21: Direct Labor | B21: =January!E21 -> 0 | D21: =+F97 -> 0 | E21: =+B21+D21 -> 0
A22: Non-Food Supplies | B22: =January!E22 -> 0 | D22: =+F108 -> 0 | E22: =+B22+D22 -> 0
A23: Total Operating Costs: | B23: =SUM(B20:B22) -> 0 | D23: =SUM(D20:D22) -> 0 | E23: =SUM(B23+D23) -> 0
A24: Administrative Expenses:
A25: Administrative Labor* | B25: =January!E25 -> 0 | D25: =F120 -> 0 | E25: =+B25+D25 -> 0
A26: Equipment* | B26: =January!E26 -> 0 | D26: =F131 -> 0 | E26: =+B26+D26 -> 0
A27: Total Administrative Costs: | B27: =SUM(B25:B26) -> 0 | D27: =(D25+D26) -> 0 | E27: =+B27+D27 -> 0 | F27: =(F10*0.1)-(E27) -> 0
A28: Total Allowable Program Expenses | B28: =SUM(B23+B27) -> 0 | D28: =SUM(D23+D27) -> 0 | E28: =(E23+E27) -> 0 | F28: =F10-E28 -> 0
A30: CERTIFICATION / SIGNATURE (Required): I CERTIFY that to the best of my knowledge and belief, this claim is true and correct in all aspects and that records (supporting documentation) are available to support this claim. I understand that all supporting documents for this Claim For Reimbursement are subject to review and/or audit by State/Federal Agency officials. I also understand that this information is being given in connection with the receipt of Federal United States Department of Agriculture Funds. I further certify that all claims for reimbursement shall be submitted not later than 60 days after the end of the claim period and that failure to submit original claims within the 60 day deadline and revised claims within the 90 day deadline may result in such claims not being paid.
A31: Further, I fully understand that I may be prosecuted under applicable provisions of the Criminal Code of the United States for knowingly or willfully making a False Statement, Filing a False Report(s) and/or Filing a False Claim(s) For Reimbursement and if convicted may be fined up to $250,000 or imprisoned up to five (5) years, or both, pursuant to 18 U.S.C. 1001 (False Statements), 18 U.S.C. 287 (False Claim(s)). I understand that I may be prosecuted under other applicable provisions of the Criminal and Civil Code of the United States and applicable laws of the Arkansas Criminal Code Anotated
A32: Authorized Official (signature):____________________________________________________________________ | E32: Date
A33: (please print name and title)________________________________________
A34: Claim Prepared By: | B34: ______________________________________
A35: NOTE: Authorized Official and Claim Prepared By MUST NOT be the same person. Claim will be returned unpaid if same person listed on each.
A39: Operating Costs: Fresh Fruit and Vegetable Costs - provide signed delivery invoices; each line item should have its own row in the table below (if there are other items on the invoice unrelated to FFVP, each FFVP line item must be labeled on the invoice as FFVP and highlighted)
A41: Fresh Fruit | B41: Total Cost | D41: Fresh Vegetable | F41: Total Cost
A42: Product Description | D42: Product Description
A86: Total Fresh Fruit Costs | B86: =SUM(B43:B85) -> 0 | D86: Total Fresh Vegetable Costs | F86: =SUM(F43:F85) -> 0
A89: Operating Costs: Direct Labor - Labor directly related to the preparing or serving of fresh fruits and vegetables (list employee name, hours worked, and hourly rate for each worker; provide timesheet AND pay rate sheet to support claim)
A91: Employee Name | B91: # Hours | C91: Wage per Hour | E91: Fringe Percent | F91: Total Cost
F92: =(B92*C92)+(B92*C92*E92) -> 0
F93: =(B93*C93)+(B93*C93*E93) -> 0
F94: =(B94*C94)+(B94*C94*E94) -> 0
F95: =(B95*C95)+(B95*C95*E95) -> 0
F96: =(B96*C96)+(B96*C96*E96) -> 0
A97: Total Direct Labor Costs | F97: =SUM(F92:F96) -> 0
A99: Operating Costs: Non-Food Supplies/Other - Small supplies such as napkins, paper plates, plastic utensils, disposable bowls, cleaning supplies, etc.; provide signed delivery invoices approved for payment
A100: Non-Food Supplies/Other | B100: Total Cost | D100: Non-Food Supplies/Other | F100: Total Cost
A101: Product Description | D101: Product Description
A108: Total Supply Costs | F108: =SUM(B102:B107,F102:F107) -> 0
A109: Total Operating Costs | F109: =(B86+F86+F97+F108) -> 0
A111: Administrative Cost: Limited to 10% of the grant award
A112: Administrative Cost: Administrative Labor - Labor related to planning, ordering, reporting, billing, tracking, inventory, etc. of FFVP (list employee name, hours worked, and hourly rate for each administrative worker, provide timesheet AND pay rate sheet to support claim)
A114: Employee Name | B114: # Hours | C114: Wage per Hour | E114: Fringe Percent | F114: Total Cost
F115: =(B115*C115)+(B115*C115*E115) -> 0
F116: =(B116*C116)+(B116*C116*E116) -> 0
F117: =(B117*C117)+(B117*C117*E117) -> 0
F118: =(B118*C118)+(B118*C118*E118) -> 0
F119: =(B119*C119)+(B119*C119*E119) -> 0
A120: Total Administrative Labor Costs | F120: =SUM(F115:F119) -> 0
A122: Administrative Cost: Equipment Cost - Pans, reusable totes, serving bowls/trays, paring knives, other small kitchen items required to prepare or serve the fresh produce; MUST be pre-approved in writing; provide signed delivery invoice approved for payment AND approved request form
A124: Equipment Description | B124: Total Cost | D124: Equipment Description | F124: Total Cost
A131: Total Equipment Costs | F131: =SUM(B125:B130,F125:F130) -> 0
A132: Total Administrative Costs | F132: =SUM(F131+F120) -> 0
A134: Total Claim Costs | F134: =SUM(F109,F132) -> 0

Sheet March
A1: Fresh Fruit and Vegetable Program Reimbursement Claim Form
A2: INSTRUCTIONS: Submit Reimbursement Claims to the Child Nutrition Unit, Arkansas Department of Education (ADE.FFVP@ade.arkansas.gov) no later than the date indicated in the FFVP Agreement Addendum. Provide a clear legible signed copy of delivery invoices for all expenses. Retain original delivery invoices and a copy of Reimbursement Claim for your records. All original receipts, invoices and other evidence of purchase must be retained and available for further review or audit for a period of 5 years after the date of final claim submission for the fiscal year to which they pertain.
A4: Name of School: | B4: =October!B4 -> 0 | E4: Seven Digit LEA #: | F4: =October!F4 -> 0
A5: School Address: | B5: =October!B5 -> 0
A6: Name of District: | B6: =October!B6 -> 0
A7: Name of Contact: | B7: =October!B7 -> 0 | D7: Contact Fax Number: | E7: =October!E7 -> 0
A8: Contact Phone Number: | B8: =October!B8 -> 0 | D8: Contact E-mail Address: | E8: =October!E8 -> 0
A10: Grant Period: October 1 to September 30 | E10: Grant Award Amount: | F10: =October!F10 -> 0
A13: Claim Period (Month, Year) | B13: March | D13: 2027
A15: Number of Operating Days in the Report Period:
A17: Fresh Fruit and Vegetable Program Expenses [Please itemize expenses on the charts below]:
F18: Remaining Award Amount
A19: Operating Expenses: | B19: February YTD Total | D19: This Claim | E19: YTD Total
A20: Fresh Fruits and Vegetables | B20: =February!E20 -> 0 | D20: =+B86+F86 -> 0 | E20: =+B20+D20 -> 0
A21: Direct Labor | B21: =February!E21 -> 0 | D21: =+F97 -> 0 | E21: =+B21+D21 -> 0
A22: Non-Food Supplies | B22: =February!E22 -> 0 | D22: =+F108 -> 0 | E22: =+B22+D22 -> 0
A23: Total Operating Costs: | B23: =SUM(B20:B22) -> 0 | D23: =SUM(D20:D22) -> 0 | E23: =SUM(B23+D23) -> 0
A24: Administrative Expenses:
A25: Administrative Labor* | B25: =February!E25 -> 0 | D25: =F120 -> 0 | E25: =+B25+D25 -> 0
A26: Equipment* | B26: =February!E26 -> 0 | D26: =F131 -> 0 | E26: =+B26+D26 -> 0
A27: Total Administrative Costs: | B27: =SUM(B25:B26) -> 0 | D27: =(D25+D26) -> 0 | E27: =+B27+D27 -> 0 | F27: =(F10*0.1)-(E27) -> 0
A28: Total Allowable Program Expenses | B28: =SUM(B23+B27) -> 0 | D28: =SUM(D23+D27) -> 0 | E28: =(E23+E27) -> 0 | F28: =F10-E28 -> 0
A30: CERTIFICATION / SIGNATURE (Required): I CERTIFY that to the best of my knowledge and belief, this claim is true and correct in all aspects and that records (supporting documentation) are available to support this claim. I understand that all supporting documents for this Claim For Reimbursement are subject to review and/or audit by State/Federal Agency officials. I also understand that this information is being given in connection with the receipt of Federal United States Department of Agriculture Funds. I further certify that all claims for reimbursement shall be submitted not later than 60 days after the end of the claim period and that failure to submit original claims within the 60 day deadline and revised claims within the 90 day deadline may result in such claims not being paid.
A31: Further, I fully understand that I may be prosecuted under applicable provisions of the Criminal Code of the United States for knowingly or willfully making a False Statement, Filing a False Report(s) and/or Filing a False Claim(s) For Reimbursement and if convicted may be fined up to $250,000 or imprisoned up to five (5) years, or both, pursuant to 18 U.S.C. 1001 (False Statements), 18 U.S.C. 287 (False Claim(s)). I understand that I may be prosecuted under other applicable provisions of the Criminal and Civil Code of the United States and applicable laws of the Arkansas Criminal Code Anotated
A32: Authorized Official (signature):____________________________________________________________________ | E32: Date
A33: (please print name and title)________________________________________
A34: Claim Prepared By: | B34: ______________________________________
A35: NOTE: Authorized Official and Claim Prepared By MUST NOT be the same person. Claim will be returned unpaid if same person listed on each.
A39: Operating Costs: Fresh Fruit and Vegetable Costs - provide signed delivery invoices; each line item should have its own row in the table below (if there are other items on the invoice unrelated to FFVP, each FFVP line item must be labeled on the invoice as FFVP and highlighted)
A41: Fresh Fruit | B41: Total Cost | D41: Fresh Vegetable | F41: Total Cost
A42: Product Description | D42: Product Description
A86: Total Fresh Fruit Costs | B86: =SUM(B43:B85) -> 0 | D86: Total Fresh Vegetable Costs | F86: =SUM(F43:F85) -> 0
A89: Operating Costs: Direct Labor - Labor directly related to the preparing or serving of fresh fruits and vegetables (list employee name, hours worked, and hourly rate for each worker; provide timesheet AND pay rate sheet to support claim)
A91: Employee Name | B91: # Hours | C91: Wage per Hour | E91: Fringe Percent | F91: Total Cost
F92: =(B92*C92)+(B92*C92*E92) -> 0
F93: =(B93*C93)+(B93*C93*E93) -> 0
F94: =(B94*C94)+(B94*C94*E94) -> 0
F95: =(B95*C95)+(B95*C95*E95) -> 0
F96: =(B96*C96)+(B96*C96*E96) -> 0
A97: Total Direct Labor Costs | F97: =SUM(F92:F96) -> 0
A99: Operating Costs: Non-Food Supplies/Other - Small supplies such as napkins, paper plates, plastic utensils, disposable bowls, cleaning supplies, etc.; provide signed delivery invoices approved for payment
A100: Non-Food Supplies/Other | B100: Total Cost | D100: Non-Food Supplies/Other | F100: Total Cost
A101: Product Description | D101: Product Description
A108: Total Supply Costs | F108: =SUM(B102:B107,F102:F107) -> 0
A109: Total Operating Costs | F109: =(B86+F86+F97+F108) -> 0
A111: Administrative Cost: Limited to 10% of the grant award
A112: Administrative Cost: Administrative Labor - Labor related to planning, ordering, reporting, billing, tracking, inventory, etc. of FFVP (list employee name, hours worked, and hourly rate for each administrative worker, provide timesheet AND pay rate sheet to support claim)
A114: Employee Name | B114: # Hours | C114: Wage per Hour | E114: Fringe Percent | F114: Total Cost
F115: =(B115*C115)+(B115*C115*E115) -> 0
F116: =(B116*C116)+(B116*C116*E116) -> 0
F117: =(B117*C117)+(B117*C117*E117) -> 0
F118: =(B118*C118)+(B118*C118*E118) -> 0
F119: =(B119*C119)+(B119*C119*E119) -> 0
A120: Total Administrative Labor Costs | F120: =SUM(F115:F119) -> 0
A122: Administrative Cost: Equipment Cost - Pans, reusable totes, serving bowls/trays, paring knives, other small kitchen items required to prepare or serve the fresh produce; MUST be pre-approved in writing; provide signed delivery invoice approved for payment AND approved request form
A124: Equipment Description | B124: Total Cost | D124: Equipment Description | F124: Total Cost
A131: Total Equipment Costs | F131: =SUM(B125:B130,F125:F130) -> 0
A132: Total Administrative Costs | F132: =SUM(F131+F120) -> 0
A134: Total Claim Costs | F134: =SUM(F109,F132) -> 0

Sheet April
A1: Fresh Fruit and Vegetable Program Reimbursement Claim Form
A2: INSTRUCTIONS: Submit Reimbursement Claims to the Child Nutrition Unit, Arkansas Department of Education (ADE.FFVP@ade.arkansas.gov) no later than the date indicated in the FFVP Agreement Addendum. Provide a clear legible signed copy of delivery invoices for all expenses. Retain original delivery invoices and a copy of Reimbursement Claim for your records. All original receipts, invoices and other evidence of purchase must be retained and available for further review or audit for a period of 5 years after the date of final claim submission for the fiscal year to which they pertain.
A4: Name of School: | B4: =October!B4 -> 0 | E4: Seven Digit LEA #: | F4: =October!F4 -> 0
A5: School Address: | B5: =October!B5 -> 0
A6: Name of District: | B6: =October!B6 -> 0
A7: Name of Contact: | B7: =October!B7 -> 0 | D7: Contact Fax Number: | E7: =October!E7 -> 0
A8: Contact Phone Number: | B8: =October!B8 -> 0 | D8: Contact E-mail Address: | E8: =October!E8 -> 0
A10: Grant Period: October 1 to September 30 | E10: Grant Award Amount: | F10: =October!F10 -> 0
A13: Claim Period (Month, Year) | B13: April | D13: 2027
A15: Number of Operating Days in the Report Period:
A17: Fresh Fruit and Vegetable Program Expenses [Please itemize expenses on the charts below]:
F18: Remaining Award Amount
A19: Operating Expenses: | B19: March YTD Total | D19: This Claim | E19: YTD Total
A20: Fresh Fruits and Vegetables | B20: =March!E20 -> 0 | D20: =+B86+F86 -> 0 | E20: =+B20+D20 -> 0
A21: Direct Labor | B21: =March!E21 -> 0 | D21: =+F97 -> 0 | E21: =+B21+D21 -> 0
A22: Non-Food Supplies | B22: =March!E22 -> 0 | D22: =+F108 -> 0 | E22: =+B22+D22 -> 0
A23: Total Operating Costs: | B23: =SUM(B20:B22) -> 0 | D23: =SUM(D20:D22) -> 0 | E23: =SUM(B23+D23) -> 0
A24: Administrative Expenses:
A25: Administrative Labor* | B25: =March!E25 -> 0 | D25: =F120 -> 0 | E25: =+B25+D25 -> 0
A26: Equipment* | B26: =March!E26 -> 0 | D26: =F131 -> 0 | E26: =+B26+D26 -> 0
A27: Total Administrative Costs: | B27: =SUM(B25:B26) -> 0 | D27: =(D25+D26) -> 0 | E27: =+B27+D27 -> 0 | F27: =(F10*0.1)-(E27) -> 0
A28: Total Allowable Program Expenses | B28: =SUM(B23+B27) -> 0 | D28: =SUM(D23+D27) -> 0 | E28: =(E23+E27) -> 0 | F28: =F10-E28 -> 0
A30: CERTIFICATION / SIGNATURE (Required): I CERTIFY that to the best of my knowledge and belief, this claim is true and correct in all aspects and that records (supporting documentation) are available to support this claim. I understand that all supporting documents for this Claim For Reimbursement are subject to review and/or audit by State/Federal Agency officials. I also understand that this information is being given in connection with the receipt of Federal United States Department of Agriculture Funds. I further certify that all claims for reimbursement shall be submitted not later than 60 days after the end of the claim period and that failure to submit original claims within the 60 day deadline and revised claims within the 90 day deadline may result in such claims not being paid.
A31: Further, I fully understand that I may be prosecuted under applicable provisions of the Criminal Code of the United States for knowingly or willfully making a False Statement, Filing a False Report(s) and/or Filing a False Claim(s) For Reimbursement and if convicted may be fined up to $250,000 or imprisoned up to five (5) years, or both, pursuant to 18 U.S.C. 1001 (False Statements), 18 U.S.C. 287 (False Claim(s)). I understand that I may be prosecuted under other applicable provisions of the Criminal and Civil Code of the United States and applicable laws of the Arkansas Criminal Code Anotated
A32: Authorized Official (signature):____________________________________________________________________ | E32: Date
A33: (please print name and title)________________________________________
A34: Claim Prepared By: | B34: ______________________________________
A35: NOTE: Authorized Official and Claim Prepared By MUST NOT be the same person. Claim will be returned unpaid if same person listed on each.
A39: Operating Costs: Fresh Fruit and Vegetable Costs - provide signed delivery invoices; each line item should have its own row in the table below (if there are other items on the invoice unrelated to FFVP, each FFVP line item must be labeled on the invoice as FFVP and highlighted)
A41: Fresh Fruit | B41: Total Cost | D41: Fresh Vegetable | F41: Total Cost
A42: Product Description | D42: Product Description
A86: Total Fresh Fruit Costs | B86: =SUM(B43:B85) -> 0 | D86: Total Fresh Vegetable Costs | F86: =SUM(F43:F85) -> 0
A89: Operating Costs: Direct Labor - Labor directly related to the preparing or serving of fresh fruits and vegetables (list employee name, hours worked, and hourly rate for each worker; provide timesheet AND pay rate sheet to support claim)
A91: Employee Name | B91: # Hours | C91: Wage per Hour | E91: Fringe Percent | F91: Total Cost
F92: =(B92*C92)+(B92*C92*E92) -> 0
F93: =(B93*C93)+(B93*C93*E93) -> 0
F94: =(B94*C94)+(B94*C94*E94) -> 0
F95: =(B95*C95)+(B95*C95*E95) -> 0
F96: =(B96*C96)+(B96*C96*E96) -> 0
A97: Total Direct Labor Costs | F97: =SUM(F92:F96) -> 0
A99: Operating Costs: Non-Food Supplies/Other - Small supplies such as napkins, paper plates, plastic utensils, disposable bowls, cleaning supplies, etc.; provide signed delivery invoices approved for payment
A100: Non-Food Supplies/Other | B100: Total Cost | D100: Non-Food Supplies/Other | F100: Total Cost
A101: Product Description | D101: Product Description
A108: Total Supply Costs | F108: =SUM(B102:B107,F102:F107) -> 0
A109: Total Operating Costs | F109: =(B86+F86+F97+F108) -> 0
A111: Administrative Cost: Limited to 10% of the grant award
A112: Administrative Cost: Administrative Labor - Labor related to planning, ordering, reporting, billing, tracking, inventory, etc. of FFVP (list employee name, hours worked, and hourly rate for each administrative worker, provide timesheet AND pay rate sheet to support claim)
A114: Employee Name | B114: # Hours | C114: Wage per Hour | E114: Fringe Percent | F114: Total Cost
F115: =(B115*C115)+(B115*C115*E115) -> 0
F116: =(B116*C116)+(B116*C116*E116) -> 0
F117: =(B117*C117)+(B117*C117*E117) -> 0
F118: =(B118*C118)+(B118*C118*E118) -> 0
F119: =(B119*C119)+(B119*C119*E119) -> 0
A120: Total Administrative Labor Costs | F120: =SUM(F115:F119) -> 0
A122: Administrative Cost: Equipment Cost - Pans, reusable totes, serving bowls/trays, paring knives, other small kitchen items required to prepare or serve the fresh produce; MUST be pre-approved in writing; provide signed delivery invoice approved for payment AND approved request form
A124: Equipment Description | B124: Total Cost | D124: Equipment Description | F124: Total Cost
A131: Total Equipment Costs | F131: =SUM(B125:B130,F125:F130) -> 0
A132: Total Administrative Costs | F132: =SUM(F131+F120) -> 0
A134: Total Claim Costs | F134: =SUM(F109,F132) -> 0

Sheet May
A1: Fresh Fruit and Vegetable Program Reimbursement Claim Form
A2: INSTRUCTIONS: Submit Reimbursement Claims to the Child Nutrition Unit, Arkansas Department of Education (ADE.FFVP@ade.arkansas.gov) no later than the date indicated in the FFVP Agreement Addendum. Provide a clear legible signed copy of delivery invoices for all expenses. Retain original delivery invoices and a copy of Reimbursement Claim for your records. All original receipts, invoices and other evidence of purchase must be retained and available for further review or audit for a period of 5 years after the date of final claim submission for the fiscal year to which they pertain.
A4: Name of School: | B4: =October!B4 -> 0 | E4: Seven Digit LEA #: | F4: =October!F4 -> 0
A5: School Address: | B5: =October!B5 -> 0
A6: Name of District: | B6: =October!B6 -> 0
A7: Name of Contact: | B7: =October!B7 -> 0 | D7: Contact Fax Number: | E7: =October!E7 -> 0
A8: Contact Phone Number: | B8: =October!B8 -> 0 | D8: Contact E-mail Address: | E8: =October!E8 -> 0
A10: Grant Period: October 1 to September 30 | E10: Grant Award Amount: | F10: =October!F10 -> 0
A13: Claim Period (Month, Year) | B13: May | D13: 2027
A15: Number of Operating Days in the Report Period:
A17: Fresh Fruit and Vegetable Program Expenses [Please itemize expenses on the charts below]:
F18: Remaining Award Amount
A19: Operating Expenses: | B19: April YTD Total | D19: This Claim | E19: YTD Total
A20: Fresh Fruits and Vegetables | B20: =April!E20 -> 0 | D20: =+B86+F86 -> 0 | E20: =+B20+D20 -> 0
A21: Direct Labor | B21: =April!E21 -> 0 | D21: =+F97 -> 0 | E21: =+B21+D21 -> 0
A22: Non-Food Supplies | B22: =April!E22 -> 0 | D22: =+F108 -> 0 | E22: =+B22+D22 -> 0
A23: Total Operating Costs: | B23: =SUM(B20:B22) -> 0 | D23: =SUM(D20:D22) -> 0 | E23: =SUM(B23+D23) -> 0
A24: Administrative Expenses:
A25: Administrative Labor* | B25: =April!E25 -> 0 | D25: =F120 -> 0 | E25: =+B25+D25 -> 0
A26: Equipment* | B26: =April!E26 -> 0 | D26: =F131 -> 0 | E26: =+B26+D26 -> 0
A27: Total Administrative Costs: | B27: =SUM(B25:B26) -> 0 | D27: =(D25+D26) -> 0 | E27: =+B27+D27 -> 0 | F27: =(F10*0.1)-(E27) -> 0
A28: Total Allowable Program Expenses | B28: =SUM(B23+B27) -> 0 | D28: =SUM(D23+D27) -> 0 | E28: =(E23+E27) -> 0 | F28: =F10-E28 -> 0
A30: CERTIFICATION / SIGNATURE (Required): I CERTIFY that to the best of my knowledge and belief, this claim is true and correct in all aspects and that records (supporting documentation) are available to support this claim. I understand that all supporting documents for this Claim For Reimbursement are subject to review and/or audit by State/Federal Agency officials. I also understand that this information is being given in connection with the receipt of Federal United States Department of Agriculture Funds. I further certify that all claims for reimbursement shall be submitted not later than 60 days after the end of the claim period and that failure to submit original claims within the 60 day deadline and revised claims within the 90 day deadline may result in such claims not being paid.
A31: Further, I fully understand that I may be prosecuted under applicable provisions of the Criminal Code of the United States for knowingly or willfully making a False Statement, Filing a False Report(s) and/or Filing a False Claim(s) For Reimbursement and if convicted may be fined up to $250,000 or imprisoned up to five (5) years, or both, pursuant to 18 U.S.C. 1001 (False Statements), 18 U.S.C. 287 (False Claim(s)). I understand that I may be prosecuted under other applicable provisions of the Criminal and Civil Code of the United States and applicable laws of the Arkansas Criminal Code Anotated
A32: Authorized Official (signature):____________________________________________________________________ | E32: Date
A33: (please print name and title)________________________________________
A34: Claim Prepared By: | B34: ______________________________________
A35: NOTE: Authorized Official and Claim Prepared By MUST NOT be the same person. Claim will be returned unpaid if same person listed on each.
A39: Operating Costs: Fresh Fruit and Vegetable Costs - provide signed delivery invoices; each line item should have its own row in the table below (if there are other items on the invoice unrelated to FFVP, each FFVP line item must be labeled on the invoice as FFVP and highlighted)
A41: Fresh Fruit | B41: Total Cost | D41: Fresh Vegetable | F41: Total Cost
A42: Product Description | D42: Product Description
A86: Total Fresh Fruit Costs | B86: =SUM(B43:B85) -> 0 | D86: Total Fresh Vegetable Costs | F86: =SUM(F43:F85) -> 0
A89: Operating Costs: Direct Labor - Labor directly related to the preparing or serving of fresh fruits and vegetables (list employee name, hours worked, and hourly rate for each worker; provide timesheet AND pay rate sheet to support claim)
A91: Employee Name | B91: # Hours | C91: Wage per Hour | E91: Fringe Percent | F91: Total Cost
F92: =(B92*C92)+(B92*C92*E92) -> 0
F93: =(B93*C93)+(B93*C93*E93) -> 0
F94: =(B94*C94)+(B94*C94*E94) -> 0
F95: =(B95*C95)+(B95*C95*E95) -> 0
F96: =(B96*C96)+(B96*C96*E96) -> 0
A97: Total Direct Labor Costs | F97: =SUM(F92:F96) -> 0
A99: Operating Costs: Non-Food Supplies/Other - Small supplies such as napkins, paper plates, plastic utensils, disposable bowls, cleaning supplies, etc.; provide signed delivery invoices approved for payment
A100: Non-Food Supplies/Other | B100: Total Cost | D100: Non-Food Supplies/Other | F100: Total Cost
A101: Product Description | D101: Product Description
A108: Total Supply Costs | F108: =SUM(B102:B107,F102:F107) -> 0
A109: Total Operating Costs | F109: =(B86+F86+F97+F108) -> 0
A111: Administrative Cost: Limited to 10% of the grant award
A112: Administrative Cost: Administrative Labor - Labor related to planning, ordering, reporting, billing, tracking, inventory, etc. of FFVP (list employee name, hours worked, and hourly rate for each administrative worker, provide timesheet AND pay rate sheet to support claim)
A114: Employee Name | B114: # Hours | C114: Wage per Hour | E114: Fringe Percent | F114: Total Cost
F115: =(B115*C115)+(B115*C115*E115) -> 0
F116: =(B116*C116)+(B116*C116*E116) -> 0
F117: =(B117*C117)+(B117*C117*E117) -> 0
F118: =(B118*C118)+(B118*C118*E118) -> 0
F119: =(B119*C119)+(B119*C119*E119) -> 0
A120: Total Administrative Labor Costs | F120: =SUM(F115:F119) -> 0
A122: Administrative Cost: Equipment Cost - Pans, reusable totes, serving bowls/trays, paring knives, other small kitchen items required to prepare or serve the fresh produce; MUST be pre-approved in writing; provide signed delivery invoice approved for payment AND approved request form
A124: Equipment Description | B124: Total Cost | D124: Equipment Description | F124: Total Cost
A131: Total Equipment Costs | F131: =SUM(B125:B130,F125:F130) -> 0
A132: Total Administrative Costs | F132: =SUM(F131+F120) -> 0
A134: Total Claim Costs | F134: =SUM(F109,F132) -> 0

Sheet June
A1: Fresh Fruit and Vegetable Program Reimbursement Claim Form
A2: INSTRUCTIONS: Submit Reimbursement Claims to the Child Nutrition Unit, Arkansas Department of Education (ADE.FFVP@ade.arkansas.gov) no later than the date indicated in the FFVP Agreement Addendum. Provide a clear legible signed copy of delivery invoices for all expenses. Retain original delivery invoices and a copy of Reimbursement Claim for your records. All original receipts, invoices and other evidence of purchase must be retained and available for further review or audit for a period of 5 years after the date of final claim submission for the fiscal year to which they pertain.
A4: Name of School: | B4: =October!B4 -> 0 | E4: Seven Digit LEA #: | F4: =October!F4 -> 0
A5: School Address: | B5: =October!B5 -> 0
A6: Name of District: | B6: =October!B6 -> 0
A7: Name of Contact: | B7: =October!B7 -> 0 | D7: Contact Fax Number: | E7: =October!E7 -> 0
A8: Contact Phone Number: | B8: =October!B8 -> 0 | D8: Contact E-mail Address: | E8: =October!E8 -> 0
A10: Grant Period: October 1 to September 30 | E10: Grant Award Amount: | F10: =October!F10 -> 0
A13: Claim Period (Month, Year) | B13: June | D13: 2027
A15: Number of Operating Days in the Report Period:
A17: Fresh Fruit and Vegetable Program Expenses [Please itemize expenses on the charts below]:
F18: Remaining Award Amount
A19: Operating Expenses: | B19: May YTD Total | D19: This Claim | E19: YTD Total
A20: Fresh Fruits and Vegetables | B20: =May!E20 -> 0 | D20: =+B86+F86 -> 0 | E20: =+B20+D20 -> 0
A21: Direct Labor | B21: =May!E21 -> 0 | D21: =+F97 -> 0 | E21: =+B21+D21 -> 0
A22: Non-Food Supplies | B22: =May!E22 -> 0 | D22: =+F108 -> 0 | E22: =+B22+D22 -> 0
A23: Total Operating Costs: | B23: =SUM(B20:B22) -> 0 | D23: =SUM(D20:D22) -> 0 | E23: =SUM(B23+D23) -> 0
A24: Administrative Expenses:
A25: Administrative Labor* | B25: =May!E25 -> 0 | D25: =F120 -> 0 | E25: =+B25+D25 -> 0
A26: Equipment* | B26: =May!E26 -> 0 | D26: =F131 -> 0 | E26: =+B26+D26 -> 0
A27: Total Administrative Costs: | B27: =SUM(B25:B26) -> 0 | D27: =(D25+D26) -> 0 | E27: =+B27+D27 -> 0 | F27: =(F10*0.1)-(E27) -> 0
A28: Total Allowable Program Expenses | B28: =SUM(B23+B27) -> 0 | D28: =SUM(D23+D27) -> 0 | E28: =(E23+E27) -> 0 | F28: =F10-E28 -> 0
A30: CERTIFICATION / SIGNATURE (Required): I CERTIFY that to the best of my knowledge and belief, this claim is true and correct in all aspects and that records (supporting documentation) are available to support this claim. I understand that all supporting documents for this Claim For Reimbursement are subject to review and/or audit by State/Federal Agency officials. I also understand that this information is being given in connection with the receipt of Federal United States Department of Agriculture Funds. I further certify that all claims for reimbursement shall be submitted not later than 60 days after the end of the claim period and that failure to submit original claims within the 60 day deadline and revised claims within the 90 day deadline may result in such claims not being paid.
A31: Further, I fully understand that I may be prosecuted under applicable provisions of the Criminal Code of the United States for knowingly or willfully making a False Statement, Filing a False Report(s) and/or Filing a False Claim(s) For Reimbursement and if convicted may be fined up to $250,000 or imprisoned up to five (5) years, or both, pursuant to 18 U.S.C. 1001 (False Statements), 18 U.S.C. 287 (False Claim(s)). I understand that I may be prosecuted under other applicable provisions of the Criminal and Civil Code of the United States and applicable laws of the Arkansas Criminal Code Anotated
A32: Authorized Official (signature):____________________________________________________________________ | E32: Date
A33: (please print name and title)________________________________________
A34: Claim Prepared By: | B34: ______________________________________
A35: NOTE: Authorized Official and Claim Prepared By MUST NOT be the same person. Claim will be returned unpaid if same person listed on each.
A39: Operating Costs: Fresh Fruit and Vegetable Costs - provide signed delivery invoices; each line item should have its own row in the table below (if there are other items on the invoice unrelated to FFVP, each FFVP line item must be labeled on the invoice as FFVP and highlighted)
A41: Fresh Fruit | B41: Total Cost | D41: Fresh Vegetable | F41: Total Cost
A42: Product Description | D42: Product Description
A86: Total Fresh Fruit Costs | B86: =SUM(B43:B85) -> 0 | D86: Total Fresh Vegetable Costs | F86: =SUM(F43:F85) -> 0
A89: Operating Costs: Direct Labor - Labor directly related to the preparing or serving of fresh fruits and vegetables (list employee name, hours worked, and hourly rate for each worker; provide timesheet AND pay rate sheet to support claim)
A91: Employee Name | B91: # Hours | C91: Wage per Hour | E91: Fringe Percent | F91: Total Cost
F92: =(B92*C92)+(B92*C92*E92) -> 0
F93: =(B93*C93)+(B93*C93*E93) -> 0
F94: =(B94*C94)+(B94*C94*E94) -> 0
F95: =(B95*C95)+(B95*C95*E95) -> 0
F96: =(B96*C96)+(B96*C96*E96) -> 0
A97: Total Direct Labor Costs | F97: =SUM(F92:F96) -> 0
A99: Operating Costs: Non-Food Supplies/Other - Small supplies such as napkins, paper plates, plastic utensils, disposable bowls, cleaning supplies, etc.; provide signed delivery invoices approved for payment
A100: Non-Food Supplies/Other | B100: Total Cost | D100: Non-Food Supplies/Other | F100: Total Cost
A101: Product Description | D101: Product Description
A108: Total Supply Costs | F108: =SUM(B102:B107,F102:F107) -> 0
A109: Total Operating Costs | F109: =(B86+F86+F97+F108) -> 0
A111: Administrative Cost: Limited to 10% of the grant award
A112: Administrative Cost: Administrative Labor - Labor related to planning, ordering, reporting, billing, tracking, inventory, etc. of FFVP (list employee name, hours worked, and hourly rate for each administrative worker, provide timesheet AND pay rate sheet to support claim)
A114: Employee Name | B114: # Hours | C114: Wage per Hour | E114: Fringe Percent | F114: Total Cost
F115: =(B115*C115)+(B115*C115*E115) -> 0
F116: =(B116*C116)+(B116*C116*E116) -> 0
F117: =(B117*C117)+(B117*C117*E117) -> 0
F118: =(B118*C118)+(B118*C118*E118) -> 0
F119: =(B119*C119)+(B119*C119*E119) -> 0
A120: Total Administrative Labor Costs | F120: =SUM(F115:F119) -> 0
A122: Administrative Cost: Equipment Cost - Pans, reusable totes, serving bowls/trays, paring knives, other small kitchen items required to prepare or serve the fresh produce; MUST be pre-approved in writing; provide signed delivery invoice approved for payment AND approved request form
A124: Equipment Description | B124: Total Cost | D124: Equipment Description | F124: Total Cost
A131: Total Equipment Costs | F131: =SUM(B125:B130,F125:F130) -> 0
A132: Total Administrative Costs | F132: =SUM(F131+F120) -> 0
A134: Total Claim Costs | F134: =SUM(F109,F132) -> 0

Sheet July
A1: Fresh Fruit and Vegetable Program Reimbursement Claim Form
A2: INSTRUCTIONS: Submit Reimbursement Claims to the Child Nutrition Unit, Arkansas Department of Education (ADE.FFVP@ade.arkansas.gov) no later than the date indicated in the FFVP Agreement Addendum. Provide a clear legible signed copy of delivery invoices for all expenses. Retain original delivery invoices and a copy of Reimbursement Claim for your records. All original receipts, invoices and other evidence of purchase must be retained and available for further review or audit for a period of 5 years after the date of final claim submission for the fiscal year to which they pertain.
A4: Name of School: | B4: =October!B4 -> 0 | E4: Seven Digit LEA #: | F4: =October!F4 -> 0
A5: School Address: | B5: =October!B5 -> 0
A6: Name of District: | B6: =October!B6 -> 0
A7: Name of Contact: | B7: =October!B7 -> 0 | D7: Contact Fax Number: | E7: =October!E7 -> 0
A8: Contact Phone Number: | B8: =October!B8 -> 0 | D8: Contact E-mail Address: | E8: =October!E8 -> 0
A10: Grant Period: October 1 to September 30 | E10: Grant Award Amount: | F10: =October!F10 -> 0
A13: Claim Period (Month, Year) | B13: July | D13: 2027
A15: Number of Operating Days in the Report Period:
A17: Fresh Fruit and Vegetable Program Expenses [Please itemize expenses on the charts below]:
F18: Remaining Award Amount
A19: Operating Expenses: | B19: June YTD Total | D19: This Claim | E19: YTD Total
A20: Fresh Fruits and Vegetables | B20: =June!E20 -> 0 | D20: =+B86+F86 -> 0 | E20: =+B20+D20 -> 0
A21: Direct Labor | B21: =June!E21 -> 0 | D21: =+F97 -> 0 | E21: =+B21+D21 -> 0
A22: Non-Food Supplies | B22: =June!E22 -> 0 | D22: =+F108 -> 0 | E22: =+B22+D22 -> 0
A23: Total Operating Costs: | B23: =SUM(B20:B22) -> 0 | D23: =SUM(D20:D22) -> 0 | E23: =SUM(B23+D23) -> 0
A24: Administrative Expenses:
A25: Administrative Labor* | B25: =June!E25 -> 0 | D25: =F120 -> 0 | E25: =+B25+D25 -> 0
A26: Equipment* | B26: =June!E26 -> 0 | D26: =F131 -> 0 | E26: =+B26+D26 -> 0
A27: Total Administrative Costs: | B27: =SUM(B25:B26) -> 0 | D27: =(D25+D26) -> 0 | E27: =+B27+D27 -> 0 | F27: =(F10*0.1)-(E27) -> 0
A28: Total Allowable Program Expenses | B28: =SUM(B23+B27) -> 0 | D28: =SUM(D23+D27) -> 0 | E28: =(E23+E27) -> 0 | F28: =F10-E28 -> 0
A30: CERTIFICATION / SIGNATURE (Required): I CERTIFY that to the best of my knowledge and belief, this claim is true and correct in all aspects and that records (supporting documentation) are available to support this claim. I understand that all supporting documents for this Claim For Reimbursement are subject to review and/or audit by State/Federal Agency officials. I also understand that this information is being given in connection with the receipt of Federal United States Department of Agriculture Funds. I further certify that all claims for reimbursement shall be submitted not later than 60 days after the end of the claim period and that failure to submit original claims within the 60 day deadline and revised claims within the 90 day deadline may result in such claims not being paid.
A31: Further, I fully understand that I may be prosecuted under applicable provisions of the Criminal Code of the United States for knowingly or willfully making a False Statement, Filing a False Report(s) and/or Filing a False Claim(s) For Reimbursement and if convicted may be fined up to $250,000 or imprisoned up to five (5) years, or both, pursuant to 18 U.S.C. 1001 (False Statements), 18 U.S.C. 287 (False Claim(s)). I understand that I may be prosecuted under other applicable provisions of the Criminal and Civil Code of the United States and applicable laws of the Arkansas Criminal Code Anotated
A32: Authorized Official (signature):____________________________________________________________________ | E32: Date
A33: (please print name and title)________________________________________
A34: Claim Prepared By: | B34: ______________________________________
A35: NOTE: Authorized Official and Claim Prepared By MUST NOT be the same person. Claim will be returned unpaid if same person listed on each.
A39: Operating Costs: Fresh Fruit and Vegetable Costs - provide signed delivery invoices; each line item should have its own row in the table below (if there are other items on the invoice unrelated to FFVP, each FFVP line item must be labeled on the invoice as FFVP and highlighted)
A41: Fresh Fruit | B41: Total Cost | D41: Fresh Vegetable | F41: Total Cost
A42: Product Description | D42: Product Description
A86: Total Fresh Fruit Costs | B86: =SUM(B43:B85) -> 0 | D86: Total Fresh Vegetable Costs | F86: =SUM(F43:F85) -> 0
A89: Operating Costs: Direct Labor - Labor directly related to the preparing or serving of fresh fruits and vegetables (list employee name, hours worked, and hourly rate for each worker; provide timesheet AND pay rate sheet to support claim)
A91: Employee Name | B91: # Hours | C91: Wage per Hour | E91: Fringe Percent | F91: Total Cost
F92: =(B92*C92)+(B92*C92*E92) -> 0
F93: =(B93*C93)+(B93*C93*E93) -> 0
F94: =(B94*C94)+(B94*C94*E94) -> 0
F95: =(B95*C95)+(B95*C95*E95) -> 0
F96: =(B96*C96)+(B96*C96*E96) -> 0
A97: Total Direct Labor Costs | F97: =SUM(F92:F96) -> 0
A99: Operating Costs: Non-Food Supplies/Other - Small supplies such as napkins, paper plates, plastic utensils, disposable bowls, cleaning supplies, etc.; provide signed delivery invoices approved for payment
A100: Non-Food Supplies/Other | B100: Total Cost | D100: Non-Food Supplies/Other | F100: Total Cost
A101: Product Description | D101: Product Description
A108: Total Supply Costs | F108: =SUM(B102:B107,F102:F107) -> 0
A109: Total Operating Costs | F109: =(B86+F86+F97+F108) -> 0
A111: Administrative Cost: Limited to 10% of the grant award
A112: Administrative Cost: Administrative Labor - Labor related to planning, ordering, reporting, billing, tracking, inventory, etc. of FFVP (list employee name, hours worked, and hourly rate for each administrative worker, provide timesheet AND pay rate sheet to support claim)
A114: Employee Name | B114: # Hours | C114: Wage per Hour | E114: Fringe Percent | F114: Total Cost
F115: =(B115*C115)+(B115*C115*E115) -> 0
F116: =(B116*C116)+(B116*C116*E116) -> 0
F117: =(B117*C117)+(B117*C117*E117) -> 0
F118: =(B118*C118)+(B118*C118*E118) -> 0
F119: =(B119*C119)+(B119*C119*E119) -> 0
A120: Total Administrative Labor Costs | F120: =SUM(F115:F119) -> 0
A122: Administrative Cost: Equipment Cost - Pans, reusable totes, serving bowls/trays, paring knives, other small kitchen items required to prepare or serve the fresh produce; MUST be pre-approved in writing; provide signed delivery invoice approved for payment AND approved request form
A124: Equipment Description | B124: Total Cost | D124: Equipment Description | F124: Total Cost
A131: Total Equipment Costs | F131: =SUM(B125:B130,F125:F130) -> 0
A132: Total Administrative Costs | F132: =SUM(F131+F120) -> 0
A134: Total Claim Costs | F134: =SUM(F109,F132) -> 0

Sheet August
A1: Fresh Fruit and Vegetable Program Reimbursement Claim Form
A2: INSTRUCTIONS: Submit Reimbursement Claims to the Child Nutrition Unit, Arkansas Department of Education (ADE.FFVP@ade.arkansas.gov) no later than the date indicated in the FFVP Agreement Addendum. Provide a clear legible signed copy of delivery invoices for all expenses. Retain original delivery invoices and a copy of Reimbursement Claim for your records. All original receipts, invoices and other evidence of purchase must be retained and available for further review or audit for a period of 5 years after the date of final claim submission for the fiscal year to which they pertain.
A4: Name of School: | B4: =October!B4 -> 0 | E4: Seven Digit LEA #: | F4: =October!F4 -> 0
A5: School Address: | B5: =October!B5 -> 0
A6: Name of District: | B6: =October!B6 -> 0
A7: Name of Contact: | B7: =October!B7 -> 0 | D7: Contact Fax Number: | E7: =October!E7 -> 0
A8: Contact Phone Number: | B8: =October!B8 -> 0 | D8: Contact E-mail Address: | E8: =October!E8 -> 0
A10: Grant Period: October 1 to September 30 | E10: Grant Award Amount: | F10: =October!F10 -> 0
A13: Claim Period (Month, Year) | B13: August | D13: 2027
A15: Number of Operating Days in the Report Period:
A17: Fresh Fruit and Vegetable Program Expenses [Please itemize expenses on the charts below]:
F18: Remaining Award Amount
A19: Operating Expenses: | B19: July YTD Total | D19: This Claim | E19: YTD Total
A20: Fresh Fruits and Vegetables | B20: =July!E20 -> 0 | D20: =+B86+F86 -> 0 | E20: =+B20+D20 -> 0
A21: Direct Labor | B21: =July!E21 -> 0 | D21: =+F97 -> 0 | E21: =+B21+D21 -> 0
A22: Non-Food Supplies | B22: =July!E22 -> 0 | D22: =+F108 -> 0 | E22: =+B22+D22 -> 0
A23: Total Operating Costs: | B23: =SUM(B20:B22) -> 0 | D23: =SUM(D20:D22) -> 0 | E23: =SUM(B23+D23) -> 0
A24: Administrative Expenses:
A25: Administrative Labor* | B25: =July!E25 -> 0 | D25: =F120 -> 0 | E25: =+B25+D25 -> 0
A26: Equipment* | B26: =July!E26 -> 0 | D26: =F131 -> 0 | E26: =+B26+D26 -> 0
A27: Total Administrative Costs: | B27: =SUM(B25:B26) -> 0 | D27: =(D25+D26) -> 0 | E27: =+B27+D27 -> 0 | F27: =(F10*0.1)-(E27) -> 0
A28: Total Allowable Program Expenses | B28: =SUM(B23+B27) -> 0 | D28: =SUM(D23+D27) -> 0 | E28: =(E23+E27) -> 0 | F28: =F10-E28 -> 0
A30: CERTIFICATION / SIGNATURE (Required): I CERTIFY that to the best of my knowledge and belief, this claim is true and correct in all aspects and that records (supporting documentation) are available to support this claim. I understand that all supporting documents for this Claim For Reimbursement are subject to review and/or audit by State/Federal Agency officials. I also understand that this information is being given in connection with the receipt of Federal United States Department of Agriculture Funds. I further certify that all claims for reimbursement shall be submitted not later than 60 days after the end of the claim period and that failure to submit original claims within the 60 day deadline and revised claims within the 90 day deadline may result in such claims not being paid.
A31: Further, I fully understand that I may be prosecuted under applicable provisions of the Criminal Code of the United States for knowingly or willfully making a False Statement, Filing a False Report(s) and/or Filing a False Claim(s) For Reimbursement and if convicted may be fined up to $250,000 or imprisoned up to five (5) years, or both, pursuant to 18 U.S.C. 1001 (False Statements), 18 U.S.C. 287 (False Claim(s)). I understand that I may be prosecuted under other applicable provisions of the Criminal and Civil Code of the United States and applicable laws of the Arkansas Criminal Code Anotated
A32: Authorized Official (signature):____________________________________________________________________ | E32: Date
A33: (please print name and title)________________________________________
A34: Claim Prepared By: | B34: ______________________________________
A35: NOTE: Authorized Official and Claim Prepared By MUST NOT be the same person. Claim will be returned unpaid if same person listed on each.
A39: Operating Costs: Fresh Fruit and Vegetable Costs - provide signed delivery invoices; each line item should have its own row in the table below (if there are other items on the invoice unrelated to FFVP, each FFVP line item must be labeled on the invoice as FFVP and highlighted)
A41: Fresh Fruit | B41: Total Cost | D41: Fresh Vegetable | F41: Total Cost
A42: Product Description | D42: Product Description
A86: Total Fresh Fruit Costs | B86: =SUM(B43:B85) -> 0 | D86: Total Fresh Vegetable Costs | F86: =SUM(F43:F85) -> 0
A89: Operating Costs: Direct Labor - Labor directly related to the preparing or serving of fresh fruits and vegetables (list employee name, hours worked, and hourly rate for each worker; provide timesheet AND pay rate sheet to support claim)
A91: Employee Name | B91: # Hours | C91: Wage per Hour | E91: Fringe Percent | F91: Total Cost
F92: =(B92*C92)+(B92*C92*E92) -> 0
F93: =(B93*C93)+(B93*C93*E93) -> 0
F94: =(B94*C94)+(B94*C94*E94) -> 0
F95: =(B95*C95)+(B95*C95*E95) -> 0
F96: =(B96*C96)+(B96*C96*E96) -> 0
A97: Total Direct Labor Costs | F97: =SUM(F92:F96) -> 0
A99: Operating Costs: Non-Food Supplies/Other - Small supplies such as napkins, paper plates, plastic utensils, disposable bowls, cleaning supplies, etc.; provide signed delivery invoices approved for payment
A100: Non-Food Supplies/Other | B100: Total Cost | D100: Non-Food Supplies/Other | F100: Total Cost
A101: Product Description | D101: Product Description
A108: Total Supply Costs | F108: =SUM(B102:B107,F102:F107) -> 0
A109: Total Operating Costs | F109: =(B86+F86+F97+F108) -> 0
A111: Administrative Cost: Limited to 10% of the grant award
A112: Administrative Cost: Administrative Labor - Labor related to planning, ordering, reporting, billing, tracking, inventory, etc. of FFVP (list employee name, hours worked, and hourly rate for each administrative worker, provide timesheet AND pay rate sheet to support claim)
A114: Employee Name | B114: # Hours | C114: Wage per Hour | E114: Fringe Percent | F114: Total Cost
F115: =(B115*C115)+(B115*C115*E115) -> 0
F116: =(B116*C116)+(B116*C116*E116) -> 0
F117: =(B117*C117)+(B117*C117*E117) -> 0
F118: =(B118*C118)+(B118*C118*E118) -> 0
F119: =(B119*C119)+(B119*C119*E119) -> 0
A120: Total Administrative Labor Costs | F120: =SUM(F115:F119) -> 0
A122: Administrative Cost: Equipment Cost - Pans, reusable totes, serving bowls/trays, paring knives, other small kitchen items required to prepare or serve the fresh produce; MUST be pre-approved in writing; provide signed delivery invoice approved for payment AND approved request form
A124: Equipment Description | B124: Total Cost | D124: Equipment Description | F124: Total Cost
A131: Total Equipment Costs | F131: =SUM(B125:B130,F125:F130) -> 0
A132: Total Administrative Costs | F132: =SUM(F131+F120) -> 0
A134: Total Claim Costs | F134: =SUM(F109,F132) -> 0

Sheet September
A1: Fresh Fruit and Vegetable Program Reimbursement Claim Form
A2: INSTRUCTIONS: Submit Reimbursement Claims to the Child Nutrition Unit, Arkansas Department of Education (ADE.FFVP@ade.arkansas.gov) no later than the date indicated in the FFVP Agreement Addendum. Provide a clear legible signed copy of delivery invoices for all expenses. Retain original delivery invoices and a copy of Reimbursement Claim for your records. All original receipts, invoices and other evidence of purchase must be retained and available for further review or audit for a period of 5 years after the date of final claim submission for the fiscal year to which they pertain.
A4: Name of School: | B4: =October!B4 -> 0 | E4: Seven Digit LEA #: | F4: =October!F4 -> 0
A5: School Address: | B5: =October!B5 -> 0
A6: Name of District: | B6: =October!B6 -> 0
A7: Name of Contact: | B7: =October!B7 -> 0 | D7: Contact E-mail Address: | E7: =October!E7 -> 0
A8: Contact Phone Number: | E8: =October!E8 -> 0
A10: Grant Period: October 1 to September 30 | E10: Grant Award Amount: | F10: =October!F10 -> 0
A13: Claim Period (Month, Year) | B13: September | D13: 2027
A15: Number of Operating Days in the Report Period:
A17: Fresh Fruit and Vegetable Program Expenses [Please itemize expenses on the charts below]:
F18: Remaining Award Amount
A19: Operating Expenses: | B19: August YTD Total | D19: This Claim | E19: YTD Total
A20: Fresh Fruits and Vegetables | B20: =August!E20 -> 0 | D20: =+B86+F86 -> 0 | E20: =+B20+D20 -> 0
A21: Direct Labor | B21: =August!E21 -> 0 | D21: =+F97 -> 0 | E21: =+B21+D21 -> 0
A22: Non-Food Supplies | B22: =August!E22 -> 0 | D22: =+F108 -> 0 | E22: =+B22+D22 -> 0
A23: Total Operating Costs: | B23: =SUM(B20:B22) -> 0 | D23: =SUM(D20:D22) -> 0 | E23: =SUM(B23+D23) -> 0
A24: Administrative Expenses:
A25: Administrative Labor* | B25: =August!E25 -> 0 | D25: =F120 -> 0 | E25: =+B25+D25 -> 0
A26: Equipment* | B26: =August!E26 -> 0 | D26: =F131 -> 0 | E26: =+B26+D26 -> 0
A27: Total Administrative Costs: | B27: =SUM(B25:B26) -> 0 | D27: =(D25+D26) -> 0 | E27: =+B27+D27 -> 0 | F27: =(F10*0.1)-(E27) -> 0
A28: Total Allowable Program Expenses | B28: =SUM(B23+B27) -> 0 | D28: =SUM(D23+D27) -> 0 | E28: =(E23+E27) -> 0 | F28: =F10-E28 -> 0
A30: CERTIFICATION / SIGNATURE (Required): I CERTIFY that to the best of my knowledge and belief, this claim is true and correct in all aspects and that records (supporting documentation) are available to support this claim. I understand that all supporting documents for this Claim For Reimbursement are subject to review and/or audit by State/Federal Agency officials. I also understand that this information is being given in connection with the receipt of Federal United States Department of Agriculture Funds. I further certify that all claims for reimbursement shall be submitted not later than 60 days after the end of the claim period and that failure to submit original claims within the 60 day deadline and revised claims within the 90 day deadline may result in such claims not being paid.
A31: Further, I fully understand that I may be prosecuted under applicable provisions of the Criminal Code of the United States for knowingly or willfully making a False Statement, Filing a False Report(s) and/or Filing a False Claim(s) For Reimbursement and if convicted may be fined up to $250,000 or imprisoned up to five (5) years, or both, pursuant to 18 U.S.C. 1001 (False Statements), 18 U.S.C. 287 (False Claim(s)). I understand that I may be prosecuted under other applicable provisions of the Criminal and Civil Code of the United States and applicable laws of the Arkansas Criminal Code Anotated
A32: Authorized Official (signature):____________________________________________________________________ | E32: Date
A33: (please print name and title)________________________________________
A34: Claim Prepared By: | B34: ______________________________________
A35: NOTE: Authorized Official and Claim Prepared By MUST NOT be the same person. Claim will be returned unpaid if same person listed on each.
A39: Operating Costs: Fresh Fruit and Vegetable Costs - provide signed delivery invoices; each line item should have its own row in the table below (if there are other items on the invoice unrelated to FFVP, each FFVP line item must be labeled on the invoice as FFVP and highlighted)
A41: Fresh Fruit | B41: Total Cost | D41: Fresh Vegetable | F41: Total Cost
A42: Product Description | D42: Product Description
A86: Total Fresh Fruit Costs | B86: =SUM(B43:B85) -> 0 | D86: Total Fresh Vegetable Costs | F86: =SUM(F43:F85) -> 0
A89: Operating Costs: Direct Labor - Labor directly related to the preparing or serving of fresh fruits and vegetables (list employee name, hours worked, and hourly rate for each worker; provide timesheet AND pay rate sheet to support claim)
A91: Employee Name | B91: # Hours | C91: Wage per Hour | E91: Fringe Percent | F91: Total Cost
F92: =(B92*C92)+(B92*C92*E92) -> 0
F93: =(B93*C93)+(B93*C93*E93) -> 0
F94: =(B94*C94)+(B94*C94*E94) -> 0
F95: =(B95*C95)+(B95*C95*E95) -> 0
F96: =(B96*C96)+(B96*C96*E96) -> 0
A97: Total Direct Labor Costs | F97: =SUM(F92:F96) -> 0
A99: Operating Costs: Non-Food Supplies/Other - Small supplies such as napkins, paper plates, plastic utensils, disposable bowls, cleaning supplies, etc.; provide signed delivery invoices approved for payment
A100: Non-Food Supplies/Other | B100: Total Cost | D100: Non-Food Supplies/Other | F100: Total Cost
A101: Product Description | D101: Product Description
A108: Total Supply Costs | F108: =SUM(B102:B107,F102:F107) -> 0
A109: Total Operating Costs | F109: =(B86+F86+F97+F108) -> 0
A111: Administrative Cost: Limited to 10% of the grant award
A112: Administrative Cost: Administrative Labor - Labor related to planning, ordering, reporting, billing, tracking, inventory, etc. of FFVP (list employee name, hours worked, and hourly rate for each administrative worker, provide timesheet AND pay rate sheet to support claim)
A114: Employee Name | B114: # Hours | C114: Wage per Hour | E114: Fringe Percent | F114: Total Cost
F115: =(B115*C115)+(B115*C115*E115) -> 0
F116: =(B116*C116)+(B116*C116*E116) -> 0
F117: =(B117*C117)+(B117*C117*E117) -> 0
F118: =(B118*C118)+(B118*C118*E118) -> 0
F119: =(B119*C119)+(B119*C119*E119) -> 0
A120: Total Administrative Labor Costs | F120: =SUM(F115:F119) -> 0
A122: Administrative Cost: Equipment Cost - Pans, reusable totes, serving bowls/trays, paring knives, other small kitchen items required to prepare or serve the fresh produce; MUST be pre-approved in writing; provide signed delivery invoice approved for payment AND approved request form
A124: Equipment Description | B124: Total Cost | D124: Equipment Description | F124: Total Cost
A131: Total Equipment Costs | F131: =SUM(B125:B130,F125:F130) -> 0
A132: Total Administrative Costs | F132: =SUM(F131+F120) -> 0
A134: Total Claim Costs | F134: =SUM(F109,F132) -> 0
